 Dungeon Crawl Stone Soup version 0.27-a0-797-g27d10ad80f (webtiles) character file.

Game seed: 2847437111122307411

33182 Armakuni the Pandemonic (level 13, -3/96 HPs)
             Began as a Djinni Conjurer on Mar 27, 2021.
             Was a High Priest of Makhleb.
             Shot with a bolt by a yaktaur (36 damage)
             ... in a volcano.
             The game lasted 01:07:58 (17538 turns).

Armakuni the Pandemonic (Djinni Conjurer)          Turns: 17538, Time: 01:07:59

Health: -3/96      AC: 11    Str: 10    XL:     13   Next: 69%
Gold:   1367       EV: 14    Int: 20    God:    Makhleb [*****.] SH:  0 Dex: 13

rFire    + + .     SeeInvis +   b - staff of conjuration
rCold    x . .     Faith    .   (no shield)
rNeg     . . .     Spirit   .   K - +0 troll leather armour
rPois    ∞         Reflect  .   d - +2 hat
rElec    .         Harm     .   L - +2 cloak
rCorr    .         Rampage  .   C - +0 pair of gloves
Will     ++...                  (boots unavailable)
Stlth    ++........             (no amulet)
HPRegen  1.26/turn              I - ring of see invisible
MPRegen  0.00/turn              W - ring of willpower

@: flying, studying Long Blades
A: fire resistance 2, cold vulnerability 1, float, innate caster, hp casting,
extra vitality 1
a: Renounce Religion, Minor Destruction, Lesser Servant of Makhleb, Major
Destruction, Greater Servant of Makhleb


You were in a volcano.
You worshipped Makhleb.
Makhleb was extremely pleased with you.
You visited 3 branches of the dungeon, and saw 18 of its levels.
You also visited: Volcano.

You collected 1367 gold pieces.

Inventory:

Hand Weapons
 a - a +3 scimitar of flaming
Missiles
 x - 2 throwing nets
 y - 2 curare-tipped darts
Armour
 d - a +2 hat (worn)
 r - the +3 hat of Pondering {ponderous, Will+ MP+10 Int+5}
   (You took it off Gastronok on level 9 of the Dungeon)

   It affects your intelligence (+5).
   It affects your willpower, your defense against some magical effects.
   It affects your magic capacity (+10).
 A - a +0 crystal plate armour
 C - a +0 pair of gloves (worn)
 H - +0 ice dragon scales
 K - a +0 troll leather armour (worn)
 L - a +2 cloak (worn)
Magical Staves
 b - a staff of conjuration (weapon)
Jewellery
 I - a ring of see invisible (left hand)
 S - a +6 ring of strength
 V - a ring of wizardry
 W - a ring of willpower (right hand)
Wands
 f - a wand of flame (23)
 h - a wand of acid (5)
 i - a wand of charming (6)
 k - a wand of digging (5)
 p - a wand of paralysis (8)
 F - a wand of polymorph (7)
 G - a wand of mindburst (20)
Scrolls
 c - a scroll of fear
 e - 5 scrolls of teleportation
 g - a scroll of identify
 m - 2 scrolls of enchant armour
 q - 3 scrolls of enchant weapon
 s - a scroll of immolation
 v - a scroll of noise
Potions
 j - a potion of invisibility
 l - 2 potions of lignification
 n - 2 potions of brilliance
 u - 3 potions of heal wounds
 w - 4 potions of curing
 B - a potion of resistance
 D - a potion of mutation
Miscellaneous
 t - a lightning rod (1/4)
 z - a box of beasts (inert)
 E - a phantom mirror (inert)


   Skills:
 - Level 10.0 Fighting
 - Level 6.0 Armour
 - Level 8.0 Dodging
 - Level 1.5 Stealth
 - Level 11.2 Spellcasting
 + Level 13.0 Invocations
 - Level 4.0 Evocations


You couldn't memorise any spells.
You knew the following spells:

 Your Spells              Type           Power      Damage    Failure   Level
a - Airstrike             Air            27%        N/A       1%          4
c - Corona                Hex            60%        N/A       1%          1
d - Magic Dart            Conj           100%       1d8       1%          1
f - Dazzling Flash        Conj/Hex       100%       N/A       1%          3
h - Silence               Hex/Air        27%        N/A       1%          5
i - Iskenderun's Mystic   Conj/Tloc      71%        2d14      1%          4
m - Bolt of Magma         Conj/Fire/Erth 35%        4d15      1%          5
p - Fulminant Prism       Conj/Hex       35%        3d18      1%          4
t - Confusing Touch       Hex            54%        N/A       1%          3
w - Passwall              Tmut/Erth      45%        N/A       1%          2
z - Searing Ray           Conj           100%       3d7       1%          2
Your spell library was empty.

Dungeon Overview and Level Annotations

Branches:
Dungeon (15/15)            Temple (0/1) D:4            Lair (1/6) D:10
    Orc (2/2) D:11         Vaults (0/5) D:14        Volcano (1/1)
    Elf: Orc:2       Depths: D:15

Altars:
Ashenzari
Cheibriados
Fedhas
Gozag
Hepliaklqana
Makhleb
Okawaru
Ru
Sif Muna
Vehumet
Yredelemnul
Zin
Beogh

Shops:
D:1 (   D:3 (

Annotations:
D:15 Louise


Innate Abilities, Weirdness & Mutations

You are immune to poison.
Your flesh is very heat resistant. (rF++)
You are vulnerable to cold. (rC-)
You float through the air rather than walking.
You learn spells naturally, not from books.
Your magical power is your life essence.
You have superior vitality. (+4 HP)


Message History

You feel a surge of power!
You conjure a prism of explosive energy!
* * * LOW HITPOINT WARNING * * *
A fulminant prism comes into view.
In the distance, the volcano erupts with a roar.
The yaktaur shoots a bolt.
The bolt closely misses you.
Your fulminant prism crackles loudly.
The yaktaur shoots a bolt.
The bolt closely misses you.
Your fulminant prism explodes!
The blast of energy engulfs the yaktaur!!
You kill the yaktaur!
Makhleb accepts your kill.
Your Invocations skill increases to level 13!
You start resting.
A yaktaur is nearby!
Casting: Fulminant Prism (mildly dangerous; 1% risk of failure)
Confirm with . or Enter, or press ? or * to list all spells.
Aiming: Fulminant Prism (mildly dangerous; 1% risk of failure)
Press: ? - help, Dir - move target You feel a surge of power!
You conjure a prism of explosive energy!
A fulminant prism comes into view.
The yaktaur shoots a bolt.
The bolt hits your fulminant prism!! The bolt burns your fulminant prism.
Your fulminant prism detonates feebly.
Okay, then.
Okay, then.
A demon appears!
What are your orders? t - Shout!
Orders for allies: a - Attack new target. r - Retreat! s - Stop attacking. g - Guard the area. f - Follow me.
Anything else - Cancel.
Gang up on whom?
Press: ? - help, Dir - move target, f - yaktaur
Aim: a yaktaur, wielding a +2 arbalest of flaming and quivering bolts (moderately wounded, ally target) Attack!
The yaktaur shoots a bolt.
The bolt closely misses your ynoxinul. The bolt hits you!!!
You die...

#≈≈.....≈≈§##
##≈8...8≈≈§#
##..c..####
#.....#
#8...8#
#.....#
#.....#
########8)..8#
#@3....c.....#
########.....#
#8...8#
#.....#
#.....#
#8.∩.8#
##...## ##∩##
###


You could see a yaktaur (ally target) and a friendly ynoxinul (summoned).

Vanquished Creatures
  Gastronok (D:9)
  A ghoul (D:13)
  Snorg (D:14)
  A hydra (D:13)
  2 boulder beetles
  An ice dragon (D:13)
  Erolcha (D:11)
  2 centaur warriors (D:13)
  2 two-headed ogres
  An iron troll (D:14)
  A death drake (shapeshifter) (D:14)
  Pikel (D:7)
  An orc knight (D:11)
  A lindwurm (D:14)
  A deep elf pyromancer (D:14)
  2 orc sorcerers
  6 ugly things
  3 cyclopes
  3 manticores
  Joseph (D:8)
  A gargoyle (D:10)
  2 unseen horrors
  2 efreet
  Maggie (D:6)
  2 yaktaurs
  A guardian mummy (D:13)
  3 trolls
  3 meliai (D:13)
  2 polar bears (D:13)
  A redback (D:8)
  2 shadows
  2 water elementals (D:14)
  14 yaks
  A vampire (D:11)
  A hog (shapeshifter) (D:14)
  A steam dragon (D:10)
  13 vampire mosquitoes
  2 acid dragons (D:11)
  2 ice beasts (D:5)
  11 orc warriors
  3 sky beasts
  A necrophage (D:7)
  A black bear (D:6)
  5 ogres
  A wolf (D:13)
  8 centaurs
  3 lemures (D:7)
  2 phantoms
  6 kobold brigands
  A bullfrog (D:9)
  A gnoll sergeant (D:11)
  5 scorpions
  A wyvern skeleton (D:6)
  5 killer bees (D:10)
  9 wights (D:9)
  4 electric eels (D:14)
  A howler monkey (D:13)
  2 jellies
  2 gnoll shamans
  12 orc priests
  3 hounds
  A centaur skeleton (D:7)
  4 iguanas
  16 orc wizards
  A killer bee zombie (D:7)
  A mummy (D:13)
  A howler monkey zombie (D:8)
  A howler monkey skeleton (D:7)
  16 gnolls
  6 adders
  A worm (D:4)
  4 dart slugs
  70 orcs
  6 ball pythons
  A bat (D:2)
  6 endoplasms
  3 giant cockroaches
  5 goblins
  7 hobgoblins
  8 jackals
  34 kobolds
  4 quokkas
  3 frilled lizards
  9 rats
  2 fulminant prisms (D:10)
386 creatures vanquished.

Vanquished Creatures (collateral kills)
  A boulder beetle (D:14)
  A killer bee (D:11)
  4 orcs (D:11)
6 creatures vanquished.

Vanquished Creatures (others)
  102 fulminant prisms
  19 plants (D:14)
  3 withered plants (D:13)
124 creatures vanquished.

Grand Total: 516 creatures vanquished

Notes
Turn   | Place    | Note
-------+----------+-------------------------------------------
     0 | D:1      | Armakuni the Djinni Conjurer began the quest for the Orb.
     0 | D:1      | Reached XP level 1. HP: 15/15 MP: 0/0
   342 | D:1      | Reached XP level 2. HP: 18/21 MP: 0/0
   413 | D:1      | Found Kydudduf's Weapon Boutique.
  1426 | D:2      | Reached XP level 3. HP: 22/25 MP: 0/0
  1426 | D:2      | Learned a level 1 spell: Corona
  1762 | D:2      | Reached XP level 4. HP: 13/31 MP: 0/0
  2211 | D:2      | Reached skill level 5 in Spellcasting
  3044 | D:3      | Reached XP level 5. HP: 32/35 MP: 0/0
  3044 | D:3      | Learned a level 2 spell: Passwall
  3125 | D:3      | Noticed a balrug
  3126 | D:3      | Found a burning altar of Makhleb.
  3129 | D:3      | Found a glowing silver altar of Zin.
  3129 | D:3      | Noticed an angel
  3136 | D:3      | Became a worshipper of Makhleb the Destroyer
  3219 | D:3      | Found Tovuif's Weapon Shop.
  3526 | D:3      | Found a broken altar of Ashenzari.
  3579 | D:3      | Found a basalt altar of Yredelemnul.
  3580 | D:3      | Found a blossoming altar of Fedhas.
  3582 | D:3      | Found a snail-covered altar of Cheibriados.
  3681 | D:4      | Found a staircase to the Ecumenical Temple.
  3918 | D:4      | Found a broken altar of Ashenzari.
  3926 | D:4      | Noticed a sky beast
  3969 | D:4      | Killed a sky beast
  3970 | D:4      | Reached XP level 6. HP: 16/40 MP: 0/0
  4759 | D:5      | Entered Level 5 of the Dungeon
  4785 | D:5      | Reached XP level 7. HP: 33/45 MP: 0/0
  4785 | D:5      | Learned a level 3 spell: Confusing Touch
  5013 | D:5      | Reached * piety under Makhleb
  5393 | D:5      | Reached XP level 8. HP: 37/50 MP: 0/0
  6350 | D:6      | Noticed Maggie
  6681 | D:6      | Reached skill level 10 in Spellcasting
  6801 | D:6      | Killed Maggie
  6802 | D:6      | Reached XP level 9. HP: 48/61 MP: 0/0
  6802 | D:6      | Learned a level 4 spell: Airstrike
  6997 | D:6      | Found an opulent altar of Gozag.
  7198 | D:7      | Noticed Pikel
  7236 | D:7      | Killed Pikel
  7237 | D:7      | Reached skill level 5 in Fighting
  7761 | D:7      | Reached ** piety under Makhleb
  7843 | D:7      | Found an iron altar of Okawaru.
  9211 | D:8      | Reached XP level 10. HP: 64/76 MP: 0/0
  9776 | D:8      | Noticed Harold
  9777 | D:8      | Noticed Harold
  9777 | D:8      | Harold changed into Harold the redback
  9784 | D:8      | Killed Harold the redback
  9807 | D:8      | Noticed Joseph
  9928 | D:8      | Killed Joseph
  9929 | D:8      | Reached skill level 10 in Fighting
  9929 | D:8      | Reached skill level 1 in Armour
 10177 | D:8      | Found a sacrificial altar of Ru.
 10200 | D:8      | Found a hazy altar of Hepliaklqana.
 11251 | D:9      | Reached skill level 1 in Invocations
 11371 | D:9      | Noticed Gastronok
 11427 | D:9      | Killed Gastronok
 11428 | D:9      | Reached skill level 4 in Invocations
 11428 | D:9      | Reached XP level 11. HP: 32/85 MP: 0/0
 11428 | D:9      | Learned a level 5 spell: Silence
 11683 | D:9      | Identified the +4 dagger of the Jester {antimagic, +Fly}
 11993 | D:10     | Entered Level 10 of the Dungeon
 12069 | D:10     | Reached skill level 5 in Dodging
 12208 | D:10     | Reached *** piety under Makhleb
 12639 | D:10     | Found a staircase to the Lair.
 13049 | Lair:1   | Entered Level 1 of the Lair of Beasts
 13071 | D:11     | Found a burning altar of Makhleb.
 13105 | D:11     | Noticed a brown ugly thing
 13116 | D:11     | Killed a brown ugly thing
 13128 | D:11     | Noticed Maurice
 13135 | D:11     | Noticed Maurice
 13135 | D:11     | Maurice changed into Maurice the killer bee
 13139 | D:11     | Killed Maurice the killer bee
 13345 | D:11     | Noticed a two-headed ogre
 13354 | D:11     | Killed a two-headed ogre
 13354 | D:11     | Noticed an orc knight
 13355 | D:11     | Reached skill level 5 in Invocations
 13355 | D:11     | Reached **** piety under Makhleb
 13378 | D:11     | Killed an orc knight
 13379 | D:11     | Reached skill level 6 in Invocations
 13379 | D:11     | Reached skill level 1 in Evocations
 13395 | D:11     | Found a staircase to the Orcish Mines.
 13441 | D:11     | Noticed a manticore
 13450 | D:11     | Killed a manticore
 13586 | D:11     | Noticed Erolcha
 13602 | D:11     | Killed Erolcha
 13603 | D:11     | Reached XP level 12. HP: 91/91 MP: 0/0
 14144 | D:12     | Identified a scroll of acquirement
 14145 | D:12     | Acquired a manual of Long Blades
 14915 | D:13     | Noticed a boulder beetle
 14962 | D:13     | Killed a boulder beetle
 15028 | D:13     | Reached ***** piety under Makhleb
 15048 | D:13     | Noticed a centaur warrior
 15056 | D:13     | Killed a centaur warrior
 15124 | D:13     | Reached skill level 7 in Invocations
 15132 | D:13     | Noticed a six-headed hydra
 15138 | D:13     | Killed a six-headed hydra
 15239 | D:13     | Reached skill level 8 in Invocations
 15249 | D:13     | Noticed a ghoul
 15265 | D:13     | Killed a ghoul
 15302 | D:13     | Noticed a centaur warrior
 15399 | D:13     | Reached skill level 9 in Invocations
 15401 | D:13     | Killed a centaur warrior
 15477 | D:13     | Noticed an ice dragon
 15481 | D:13     | Reached skill level 10 in Invocations
 15481 | D:13     | Reached XP level 13. HP: 96/96 MP: 0/0
 15481 | D:13     | Learned a level 5 spell: Bolt of Magma
 15482 | D:13     | Killed an ice dragon
 15860 | D:14     | Reached skill level 11 in Invocations
 16012 | D:14     | Found a gate to the Vaults.
 16278 | D:14     | Reached skill level 12 in Invocations
 16298 | D:14     | Noticed Snorg
 16310 | D:14     | Killed Snorg
 16784 | D:15     | Entered Level 15 of the Dungeon
 16784 | D:15     | Noticed Louise
 16866 | Orc:1    | Entered Level 1 of the Orcish Mines
 16972 | Orc:2    | Entered Level 2 of the Orcish Mines
 17427 | Orc:1    | Found a dark tunnel.
 17435 | Volcano  | Entered a volcano
 17476 | Volcano  | Found a bloodstained altar of Trog.
 17476 | Volcano  | Noticed a red draconian
 17528 | Volcano  | Reached skill level 13 in Invocations
 17538 | Volcano  | Shot with a bolt by a yaktaur

Illustrated notes

Levels and vault maps discovered:
D:1:      co_arrival_square_in_a_square_in_a_square, layout_basic, serial_shops,
          shop
D:2:      layout_loops_ring, st_stairs_5, minmay_tetromino_l2
D:3:      layout_basic, grunt_temple_overflow_order_and_chaos_2, minitemple,
          serial_shops, shop
D:4:      layout_basic, minmay_temple_entry_glass, ashenzari_altar_1
D:5:      layout_basic
D:6:      layout_basic, nicolae_gozag_seed_capital, gup_sewer_entry_bowl,
          uniq_maggie
D:7:      layout_basic, okawaru_ov_weapons_minmay, uniq_pikel
D:8:      layout_layer_cave, grunt_temple_overflow_open, uniq_harold,
          uniq_joseph
D:9:      layout_stronghold, hex_medium, uniq_gastronok
D:10:     layout_rooms, lair_entry_dummy, special_room [special_room_orc]
D:11:     layout_cave_pools, david_orc_5, basic_altar, uniq_maurice,
          uniq_erolcha
D:12:     layout_gridville
D:13:     layout_roguey [special_room_orc], serial_undead, serial_undead_d,
          serial_undead_c, serial_undead_c, serial_undead_e,
          portal_ice_cave_entry_animals_and_master
D:14:     layout_cave_pools, david_vaults_4, chequers_serial_rivers_small_3,
          serial_bayou, serial_bayou_shore_a, serial_bayou_ford_a,
          serial_bayou_crossing, serial_bayou_pond_c, uniq_snorg
D:15:     gammafunk_enter_depths_forms, layout_rooms, minmay_misc_feat_x,
          nrook_mini_backslash, uniq_louise, uniq_josephine
Lair:1:   layout_regular_city, grunt_forest_large_clearings
Orc:1:    layout_diamond_mine, nicolae_volcano_entry_lava_flow, uniq_fannar
Orc:2:    st_orc_elflike, layout_diamond_mine, serial_shops,
          nicolae_shop_crystal
Volcano:  kennysheep_volcano_temple

Skill      XL: |  1  2  3  4  5  6  7  8  9 10 11 12 13 |
---------------+----------------------------------------+-----
Spellcasting   | 4 5 6 7 8 10 11 | 11.2
Fighting       | 3 8 10 | 10.0
Armour         | 6 |  6.0
Invocations    | 4 6 10 13 | 13.0
Dodging        | 3 8 |  8.0
Evocations     | 4 |  4.0
Stealth        | |  1.5

Action                   |  1- 3 |  4- 6 |  7- 9 | 10-12 | 13-15 || total
-------------------------+-------+-------+-------+-------+-------++-------
Melee: Unarmed           |       |     1 |       |       |       ||     1
       Dagger            |       |     3 |       |    18 |       ||    21
       Whip              |       |     2 |     6 |       |       ||     8
       Falchion          |       |       |     2 |     3 |       ||     5
       Scimitar          |       |       |       |       |     5 ||     5
Throw: Dart              |       |       |     1 |       |     4 ||     5
       Throwing net      |       |       |       |       |     3 ||     3
 Cast: Magic Dart        |    54 |       |     4 |     3 |       ||    61
       Searing Ray       |     1 |    42 |    60 |   112 |    10 ||   225
       Iskenderun's Myst |       |       |     5 |    29 |     9 ||    43
       Dazzling Flash    |       |       |     1 |     2 |       ||     3
       Fulminant Prism   |       |       |       |    72 |    32 ||   104
       Airstrike         |       |       |       |     2 |    33 ||    35
Invok: Lesser Servant of |       |       |       |     1 |     3 ||     4
Evoke: Wand              |       |       |       |    16 |     6 ||    22
       Lightning rod     |       |       |       |       |     5 ||     5
       Box of beasts     |       |       |       |       |     1 ||     1
       Phantom mirror    |       |       |       |       |     1 ||     1
  Use: Scroll            |       |     4 |     7 |     9 |     4 ||    24
       Potion            |       |     3 |     6 |     1 |       ||    10
 Stab: Sleeping          |       |     1 |       |       |       ||     1
Armor: Robe              |     1 |     3 |     1 |       |       ||     5
       Skin              |       |       |     7 |     3 |       ||    10
       Acid dragon scale |       |       |     9 |    19 |       ||    28
       Troll leather arm |       |       |       |    27 |    11 ||    38
Dodge: Dodged            |     6 |    18 |    29 |   119 |    21 ||   193
       Rpst.: Falchion   |       |       |     1 |     2 |       ||     3
       Scimitar          |       |       |       |     9 |     5 ||    14

Table legend: (Time is in decaauts)
 A = Elapsed time spent in this place.
 B = Non-inter-level travel time spent in this place.
 C = Inter-level travel time spent in this place.
 D = Time resting spent in this place.
 E = Time spent auto-exploring this place.
 F = Levels seen in this place.
 G = Mean time per level.
                   A        B        C        D        E       F      G
               +--------+--------+--------+--------+--------+-----+--------+
         Total |  17538 |  16951 |    587 |   3281 |  10666 |  19 |  923.1 |
       Dungeon |  16863 |  16296 |    567 |   3272 |  10226 |  15 | 1124.2 |
          Lair |      2 |      2 |      0 |      0 |      0 |   1 |    2.0 |
  Orcish Mines |    569 |    550 |     19 |      0 |    410 |   2 |  284.5 |
       Volcano |    102 |    102 |      0 |      9 |     30 |   1 |  102.0 |
               +--------+--------+--------+--------+--------+-----+--------+

Top non-repeatable levels by time:
     D:7: 2015 daAuts
     D:1: 1593 daAuts
     D:8: 1518 daAuts
     D:9: 1381 daAuts
     D:2: 1288 daAuts
     D:6: 1274 daAuts
    D:13: 1184 daAuts
     D:4: 1143 daAuts
     D:5: 1090 daAuts
    D:14: 1038 daAuts
    D:10: 1026 daAuts
    D:12: 890 daAuts
     D:3: 734 daAuts
    D:11: 682 daAuts
   Orc:1: 351 daAuts
